 Dungeon Crawl Stone Soup version 0.26-a0-1013-gf6ffb0d6bd (webtiles) character file.

Game seed: 14498644147631231445

744 dolemite99 the Poker (level 7, -3/87 HPs)
             Began as a Palentonga Warper on Dec 8, 2020.
             Slain by Eustachio
             ... wielding a +0 rapier
              (5 damage)
             ... on level 5 of the Dungeon.
             The game lasted 00:05:53 (6405 turns).

dolemite99 the Poker (Palentonga Warper)            Turns: 6405, Time: 00:05:53

Health: -3/87      AC: 23    Str: 15 (17) XL:     7   Next: 47%
Magic:  10/10      EV:  1    Int: 11 (13) God:
Gold:   230        SH:  2    Dex:  6 (9)  Spells: 10/10 levels left

rFire    . . .     SeeInvis +   a - +2 spear (freeze)
rCold    . . .     Faith    +   B - +0 buckler
rNeg     + + +     Spirit   .   (armour currently unavailable)
rPois    +         Reflect  .   (helmet currently unavailable)
rElec    .         Harm     .   (cloak currently unavailable)
rCorr    .         Rampage  .   (gloves currently unavailable)
Will     .....     NoTele   +   (no barding)
Stlth    ++........             f - amulet of faith
HPRegen  0.24/turn              o - ring of stealth
MPRegen  0.12/turn              (no ring)

@: mighty, tree-form, hasted, very quick
A: large, rugged brown scales 3, see invisible
a: no special abilities


You were on level 5 of the Dungeon.
You were a tree.
You visited 1 branch of the dungeon, and saw 5 of its levels.

You collected 230 gold pieces.

Inventory:

Hand Weapons
 a - a +2 spear of freezing (weapon)
 b - a +0 hunting sling
 h - a +0 falchion
 s - a +0 hunting sling
 v - a +0 trident
 x - a +0 short sword
 A - a +0 dagger of freezing
Missiles
 c - 57 arrows
 r - 84 sling bullets
 t - 63 stones (quivered)
 z - 13 poisoned darts
 D - 5 atropa-tipped darts
Armour
 k - a +0 plate armour
 q - a +0 chain mail (melded)
 B - a +0 buckler (worn)
 F - a +0 leather armour
Jewellery
 f - an amulet of faith (around neck)
 o - a ring of stealth (left branch)
Wands
 y - a wand of random effects (18)
Scrolls
 d - 2 scrolls of blinking
 g - 2 scrolls of noise {unknown}
 i - a scroll of remove curse {@r2}
 j - a scroll of magic mapping
 l - 4 scrolls of teleportation
 u - 3 scrolls of amnesia {unknown}
 w - a scroll of enchant weapon {unknown}
Potions
 n - 2 potions of lignification


   Skills:
 - Level 2.0 Fighting
 - Level 2.8 Long Blades
 - Level 6.5 Polearms
 + Level 2.2(2.3) Slings
 - Level 0.6(1.5) Throwing
 - Level 0.7 Armour
 - Level 1.5 Dodging
 - Level 2.0 Spellcasting
 - Level 3.0 Translocations


You had 10 spell levels left.
You didn't know any spells.
Your spell library contained the following spells:

 Spells                   Type           Power        Failure   Level
 Blink                    Tloc           N/A          22%         2
 Gell's Gravitas          Tloc           #.........   38%         3
 Lesser Beckoning         Tloc           #.........   38%         3
 Teleport Other           Tloc           #.......     38%         3
 Passage of Golubria      Tloc           N/A          80%         4


Dungeon Overview and Level Annotations

Branches:
Dungeon (5/15)
 Temple: D:4-7

Altars:
Qazlal

Annotations:
D:5 Eustachio


Innate Abilities, Weirdness & Mutations

(You are completely covered in rugged brown scales. (AC +3, +7% HP))
You have supernaturally acute eyesight. (SInv)
((Armour fits poorly on your strangely shaped body.))
((You can roll at nearby foes to attack.))
((You have a long armoured tail.))
((You curl defensively after being hit.))


Message History

Eustachio hits you but does no damage. The bat hits you.
* * * LOW HITPOINT WARNING * * *
It was a potion of magic.
Magic courses through your body. The bat hits you but does no damage.
Eustachio hits you but does no damage.
It was a potion of degeneration.
There was something very wrong with that liquid.
You feel weakened.
You feel dopey.
You feel clumsy. Eustachio hits you with a +0 rapier.
* * * LOW HITPOINT WARNING * * *
You block the bat's attack.
You barely miss Eustachio.
Eustachio is heavily wounded.
The bat hits you but does no damage. Eustachio hits you but does no damage.
You closely miss Eustachio.
Eustachio is heavily wounded.
Eustachio hits you but does no damage. The bat hits you but does no damage.
You hit Eustachio. You freeze Eustachio.
Eustachio is heavily wounded.
The bat hits you but does no damage. Eustachio hits you with a +0 rapier.
You die...

.#
#.#.####.#
.# #.#.#
#.# .#
#.#.# #.#
.# ..#.#
#.# ..
.##.# #.#
.# #(# ##
#(# #@#
#♣# #b#
#5# #Z#
.Z..c...#
(....####
(... [..
..


You could see Eustachio (fast), a shadow imp (summoned), a bat (summoned) and a
bullfrog skeleton.

Vanquished Creatures
  3 ogres
  A centaur (D:5)
  A gnoll sergeant (D:4)
  A scorpion (D:4)
  An orc priest (D:4)
  An orc wizard (D:4)
  Terence (D:2)
  2 worker ants (D:4)
  8 adders
  An ooze (D:4)
  An adder skeleton (D:4)
  5 worms
  5 dart slugs
  A leopard gecko (D:1)
  2 orcs (D:4)
  5 giant cockroaches
  4 goblins
  7 hobgoblins
  2 quokkas (D:2)
  2 ball pythons
  5 bats
  7 frilled lizards
  9 kobolds
  6 rats
81 creatures vanquished.

Notes
Turn   | Place    | Note
-------+----------+-------------------------------------------
     0 | D:1      | dolemite99 the Palentonga Warper began the quest for the
                  | Orb.
     0 | D:1      | Reached XP level 1. HP: 18/18 MP: 3/3
   228 | D:1      | Reached XP level 2. HP: 23/25 MP: 5/5
   595 | D:1      | Reached skill level 1 in Polearms
  1108 | D:2      | Reached XP level 3. HP: 22/31 MP: 6/6
  1347 | D:2      | Reached skill level 2 in Polearms
  1661 | D:2      | Noticed Terence
  1675 | D:2      | Killed Terence
  1806 | D:2      | Reached XP level 4. HP: 35/38 MP: 7/7
  1894 | D:2      | Reached skill level 3 in Polearms
  2991 | D:3      | Reached XP level 5. HP: 38/43 MP: 8/8
  3442 | D:4      | Noticed an ogre
  3470 | D:4      | Reached skill level 4 in Polearms
  3481 | D:4      | Killed an ogre
  3590 | D:4      | Reached skill level 5 in Polearms
  3590 | D:4      | Reached XP level 6. HP: 20/51 MP: 9/9
  4813 | D:4      | Found a stormy altar of Qazlal.
  5271 | D:4      | Reached skill level 6 in Polearms
  5506 | D:5      | Entered Level 5 of the Dungeon
  6008 | D:5      | Noticed a sky beast
  6019 | D:4      | Gained mutation: You curl defensively after being hit.
                  | [Palentonga growth]
  6019 | D:4      | Reached XP level 7. HP: 34/58 MP: 10/10
  6349 | D:5      | Noticed Eustachio
  6361 | D:5      | Reached skill level 1 in Slings
  6402 | D:5      | HP: 2/87 [Eustachio/+0 rapier (5)]
  6405 | D:5      | Slain by Eustachio

Illustrated notes

Levels and vault maps discovered:
D:1:      minmay_arrival_hallway, layout_loops_corners
D:2:      kb_forest_paths, layout_basic, uniq_terence
D:3:      layout_basic, kennysheep_donut, lemuel_another_geyser
D:4:      layout_loops_ring, marbit_many_paths
D:5:      layout_loops_ring, basic_altar, uniq_eustachio, uniq_ijyb

Skill      XL: |  1  2  3  4  5  6  7 |
---------------+----------------------+-----
Polearms       | 1 2 3 5 6 |  6.5
Slings         | 2 |  2.2
Fighting       | |  2.0
Long Blades    | |  2.8
Throwing       | |  0.6
Armour         | |  0.7
Dodging        | |  1.5
Spellcasting   | |  2.0
Translocations | |  3.0

Action                   |  1- 3 |  4- 6 |  7- 9 || total
-------------------------+-------+-------+-------++-------
Melee: Falchion          |     9 |       |       ||     9
       Spear             |    69 |   193 |    44 ||   306
       Tailslap          |     8 |    17 |     1 ||    26
 Fire: Hunting sling     |       |       |     7 ||     7
Throw: Boomerang         |     5 |       |       ||     5
       Stone             |     1 |    39 |       ||    40
 Abil: Rolling Charge    |       |     4 |     1 ||     5
  Use: Scroll            |       |     5 |       ||     5
       Potion            |       |     3 |     6 ||     9
Armor: Leather armour    |    17 |       |       ||    17
       Chain mail        |     1 |    74 |     7 ||    82
       Skin              |       |       |    34 ||    34
Dodge: Dodged            |    27 |    29 |     2 ||    58
Block: Buckler           |       |    13 |     5 ||    18

Table legend: (Time is in decaauts)
 A = Elapsed time spent in this place.
 B = Non-inter-level travel time spent in this place.
 C = Inter-level travel time spent in this place.
 D = Time resting spent in this place.
 E = Time spent auto-exploring this place.
 F = Levels seen in this place.
 G = Mean time per level.
                   A        B        C        D        E       F      G
               +--------+--------+--------+--------+--------+-----+--------+
         Total |   6358 |   6231 |    127 |   2713 |   2632 |   5 | 1271.6 |
       Dungeon |   6358 |   6231 |    127 |   2713 |   2632 |   5 | 1271.6 |
               +--------+--------+--------+--------+--------+-----+--------+

Top non-repeatable levels by time:
     D:4: 2326 daAuts
     D:2: 1662 daAuts
     D:3: 1215 daAuts
     D:1: 1022 daAuts
     D:5: 132 daAuts
